 Dungeon Crawl Stone Soup version 0.30-a0-862-g1aabd4f9c5 (webtiles) character file.

Game seed: 17933015909223373156

757 MacCMillion the Chopper (level 7, 0/61 HPs)
             Began as a Ghoul Gladiator on Mar 9, 2023.
             Was a Follower of Makhleb.
             Killed from afar by Maggie (16 damage)
             ... with a bolt of fire
             ... on level 6 of the Dungeon.
             The game lasted 00:12:56 (5115 turns).

MacCMillion the Chopper (Ghoul Gladiator)           Turns: 5115, Time: 00:12:56

Health: 0/61       AC: 15    Str: 20    XL:     7   Next: 79%
Magic:  6/6        EV:  6    Int:  3    God:    Makhleb [*.....]
Gold:   271        SH:  0    Dex: 10    Spells: 6/6 levels left

rFire   . . .      SeeInvis .    a - +0 war axe
rCold   + . .      Faith    .    (no shield)
rNeg    + + +      Spirit   .    y - +0 plate armour
rPois   ∞          Reflect  .    c - +1 helmet
rElec   .          Rampage  .    (no cloak)
rCorr   .                        v - +0 pair of gloves
Will    .....                    n - +0 pair of boots Stlth
                                 (no amulet)
HPRegen 0.00/turn                (no ring)
MPRegen 0.10/turn                (no ring)

@: inhibited regen
A: claws 1, cold resistance 1, negative energy resistance 3, inhibited
regeneration, torment resistance 2, devour on kill
a: Renounce Religion


You were on level 6 of the Dungeon.
You worshipped Makhleb.
Makhleb was aware of your devotion.
You visited 2 branches of the dungeon, and saw 7 of its levels.

You collected 271 gold pieces.

Inventory:

Hand Weapons
 a - a +0 war axe (weapon)
Missiles
 d - 3 throwing nets (quivered)
 e - a javelin
 s - 5 poisoned darts
Armour
 c - a +1 helmet (worn)
 n - a +0 pair of boots (worn)
 v - a +0 pair of gloves (worn)
 y - a +0 plate armour (worn)
Jewellery
 f - a +6 ring of intelligence
 j - a +6 ring of strength
 q - a ring of protection from cold
 w - an amulet of guardian spirit
Wands
 r - a wand of flame (29)
 A - a wand of quicksilver (10)
Scrolls
 g - 4 scrolls of teleportation
 l - a scroll of enchant armour
 m - a scroll of fog
 o - a scroll of torment
 p - a scroll of fear
 t - a scroll of vulnerability
 z - a scroll of enchant weapon {unknown}
 B - a scroll of immolation {unknown}
Potions
 b - a potion of curing
 h - 3 potions of mutation
 i - 2 potions of magic
 k - a potion of lignification
 u - 5 potions of heal wounds
 x - 3 potions of degeneration


   Skills:
 - Level 5.0 Fighting
 * Level 6.0 Axes
 - Level 3.0 Throwing
 + Level 2.7 Armour
 - Level 2.6 Dodging


You had 6 spell levels left.
You didn't know any spells.
Your spell library contained the following spells:

 Spells                   Type           Power      Damage    Failure   Level
 Freeze                   Ice            0%         1d3       100%        1
 Slow                     Hex            0%         N/A       100%        1
 Ensorcelled Hibernation  Hex/Ice        0%         N/A       100%        2
 Confusing Touch          Hex            0%         N/A       100%        3
 Frozen Ramparts          Ice            0%         1d1       100%        3
 Hailstorm                Conj/Ice       0%         3d3       100%        3
 Vampiric Draining        Necr           0%         2d6       100%        3
 Anguish                  Hex/Necr       0%         N/A       100%        4
 Spider Form              Tmut/Pois      Unusable   N/A       N/A         3

Dungeon Overview and Level Annotations

Branches:
Dungeon (6/15)             Temple (1/1) D:4

Altars:
Ashenzari
Cheibriados
Dithmenos
Fedhas
Gozag
Hepliaklqana
Kikubaaqudgha
Makhleb
Nemelex Xobeh
Okawaru
Qazlal
Sif Muna
Trog
Uskayaw
Vehumet
Wu Jian
Xom
Yredelemnul

Shops:
D:3 =

Annotations:
D:6 Maggie


Innate Abilities, Weirdness & Mutations

You are immune to poison.
You have sharp fingernails.
Your flesh is cold resistant. (rC+)
You are immune to negative energy. (rN+++)
You do not regenerate when monsters are visible.
You are immune to unholy pain and torment.
You thrive by killing the living.


Message History

You slash Maggie!
Maggie is lightly wounded.
Maggie hits you with a +0 heavy glaive!
You hit Maggie.
Maggie is lightly wounded.
Maggie barely misses you.
You hit Maggie.
Maggie is moderately wounded.
You hit Maggie.
Maggie is moderately wounded.
Maggie barely misses you.
You completely miss Maggie.
Maggie is moderately wounded.
Maggie gestures wildly while chanting.
Maggie attempts to bespell you!
You easily resist.
You hit Maggie.
Maggie is moderately wounded.
Maggie barely misses you.
You barely miss Maggie.
Maggie is moderately wounded.
Maggie hits you but does no damage.
You hit Maggie but do no damage.
Maggie is moderately wounded.
Maggie hits you but does no damage.
You slash Maggie!
Maggie is heavily wounded.
You slash Maggie!
Maggie is severely wounded.
Maggie hits you with a +0 heavy glaive.
You hit Maggie.
Maggie is severely wounded.
Maggie casts a spell at you. The bolt of fire hits you!!
* * * LOW HITPOINT WARNING * * *
You are too injured to fight recklessly!
You completely miss Maggie.
Maggie is severely wounded.
Maggie gestures at you while chanting. The bolt of fire hits you!
You die...

#..#[# ##..##
##.#.#####....##
#.#....#...P..#
#.##.#........#
#.##.##...P...#
#.##.##..P♣...### #
#.##............###
#?#####.#..........
#.@@.##.##....♣.♣♣♣
####..#..#....♣...♣
##.##.#....♣♣♣.♣
.............♣.♣
.........._....
####.##.......♣.♣
....(.......♣♣♣.♣
............♣...♣
........#...♣.♣♣♣


You could see Maggie.

Vanquished Creatures
  A sky beast (D:5)
  2 ice beasts
  2 scorpions (D:5)
  An orc priest (D:5)
  A hound (D:5)
  A sleepcap (D:5)
  A jelly (D:5)
  An orc wizard (D:5)
  4 gnolls
  6 adders
  4 worms
  17 orcs
  8 endoplasms
  2 giant cockroaches (D:4)
  7 goblins
  2 hobgoblins
  12 jackals
  8 kobolds
  7 quokkas
  8 ball pythons
  3 bats
  3 frilled lizards (D:1)
  A rat (D:2)
102 creatures vanquished.

Vanquished Creatures (others)
  An orc wizard (D:5)
  13 plants (D:2)
14 creatures vanquished.

Grand Total: 116 creatures vanquished

Notes
Turn   | Place    | Note
-------+----------+-------------------------------------------
     0 | D:1      | MacCMillion the Ghoul Gladiator began the quest for the
                  | Orb.
     0 | D:1      | Reached XP level 1. HP: 17/17 MP: 0/0
   159 | D:1      | Reached XP level 2. HP: 25/25 MP: 1/1
   183 | D:1      | Reached skill level 3 in Axes
   327 | D:1      | Reached XP level 3. HP: 30/31 MP: 2/2
   404 | D:1      | You fall into a shaft and drop 1 floor!
  1192 | D:3      | Noticed an ice beast
  1211 | D:3      | Killed an ice beast
  1212 | D:3      | Reached skill level 4 in Axes
  1212 | D:3      | Reached XP level 4. HP: 19/41 MP: 3/3
  1212 | D:3      | Reached XP level 5. HP: 22/47 MP: 4/4
  1370 | D:3      | Found Kitoshia's Jewellery Boutique.
  1643 | D:3      | Found a hazy altar of Hepliaklqana.
  2571 | D:4      | Found a staircase to the Ecumenical Temple.
  2588 | Temple   | Entered the Ecumenical Temple
  2655 | Temple   | Became a worshipper of Makhleb the Destroyer
  3301 | D:5      | Entered Level 5 of the Dungeon
  3327 | D:5      | Reached XP level 6. HP: 53/53 MP: 5/5
  3335 | D:5      | Reached skill level 1 in Armour
  3777 | D:5      | Found a faded altar of an unknown god.
  3777 | D:5      | Found a basalt altar of Yredelemnul.
  3785 | D:5      | Found a shimmering blue altar of Sif Muna.
  3789 | D:5      | Found a broken altar of Ashenzari.
  3940 | D:5      | Reached skill level 5 in Fighting
  4155 | D:5      | Reached skill level 5 in Axes
  4155 | D:5      | Reached XP level 7. HP: 54/61 MP: 6/6
  4430 | D:5      | Found a sparkling altar of Nemelex Xobeh.
  4488 | D:5      | Reached * piety under Makhleb
  4553 | D:6      | Noticed Maggie
  4972 | D:6      | Found a shadowy altar of Dithmenos.
  4991 | D:6      | Found an ornate altar of the Wu Jian Council.
  5008 | D:6      | Identified the +0 robe of the Stars {rElec Int+3 Dex+3}
  5043 | D:6      | Reached skill level 6 in Axes
  5115 | D:6      | Killed from afar by Maggie

Illustrated notes

Levels and vault maps discovered:
D:1:      amcnicky_arrival_abandoned_market, layout_loops_ring, grunt_decor_cap,
          fountainhead, chequers_serial_rivers_micro_d
D:2:      wad_lake_hut, layout_rooms, serial_forest,
          infiniplex_forest_straight_1, infiniplex_forest_straight_2,
          infiniplex_forest_clump_curved, infiniplex_forest_lined_2,
          infiniplex_forest_corner_2, kennysheep_generic_room_11
D:3:      layout_basic, marbit_many_paths, serial_shops,
          nicolae_shop_competitors_out_of_business
D:4:      layout_basic, minmay_temple_entry_tees, corner_web_ring
D:5:      layout_loops_ring, nemelex_spade_bored_becter,
          chequers_temple_overflow_minitemple
D:6:      layout_rooms, mainiacjoe_overflow_boulevard,
          mainiacjoe_overflow_large_starburst, serial_curves, eino_curves_02,
          eino_curves_04, eino_curves_04, serial_park_tiny_2, uniq_maggie
Temple:   nicolae_temple_x_marks_the_god

Skill      XL: |  1  2  3  4  5  6  7 |
---------------+----------------------+-----
Axes           | 3 4 5 6 |  6.0
Fighting       | 3 4 5 |  5.0
Throwing       | 2 3 |  3.0
Armour         | 1 2 |  2.7
Dodging        | |  2.6

Action                     |  1- 3 |  4- 6 |  7- 9 || total
---------------------------+-------+-------+-------++-------
  Melee: War axe           |    98 |   199 |   111 ||   408
         Punch             |       |     3 |       ||     3
    Use: Scroll            |       |       |    12 ||    12
   Stab: Sleeping          |       |     1 |       ||     1
 Armour: Leather armour    |    30 |     1 |       ||    31
         Ring mail         |       |    48 |       ||    48
         Plate armour      |       |    60 |    79 ||   139
  Dodge: Dodged            |    79 |    96 |    18 ||   193

Table legend: (Time is in decaauts)
 A = Elapsed time spent in this place.
 B = Non-inter-level travel time spent in this place.
 C = Inter-level travel time spent in this place.
 D = Time resting spent in this place.
 E = Time spent auto-exploring this place.
 F = Levels seen in this place.
 G = Mean time per level.
                   A        B        C        D        E       F      G
               +--------+--------+--------+--------+--------+-----+--------+
         Total |   5236 |   4867 |    369 |    475 |   3193 |   7 |  748.0 |
       Dungeon |   5158 |   4794 |    364 |    475 |   3147 |   6 |  859.7 |
        Temple |     78 |     73 |      5 |      0 |     46 |   1 |   78.0 |
               +--------+--------+--------+--------+--------+-----+--------+

Top non-repeatable levels by time:
     D:5: 1476 daAuts
     D:1: 1032 daAuts
     D:3: 952 daAuts
     D:4: 918 daAuts
     D:2: 542 daAuts
     D:6: 237 daAuts
  Temple: 78 daAuts
